 Dungeon Crawl Stone Soup version 0.17.1-2-g5865329 (webtiles) character file.

8442 Moresty the Grappler (level 11, -1/107 HPs)
             Began as a Troll Fighter on Jan 14, 2016.
             Was a Priest of Okawaru.
             Slain by an elephant (18 damage)
             ... on level 2 of the Lair of Beasts.
             The game lasted 00:31:40 (10764 turns).

Moresty the Grappler (Troll Fighter)               Turns: 10764, Time: 00:31:40

Health: -1/107     AC:  5    Str: 31    XL:     11   Next: 10%
Magic:  11/11      EV: 12    Int:  4    God:    Okawaru [***...]
Gold:   642        SH: 11    Dex:  9    Spells: 0 memorised, 10 levels left

rFire  + . .     SeeInvis .       - Unarmed
rCold  . . .     Clarity  .     h - +0 robe
rNeg   + . .     SustAt   .     b - +0 shield
rPois  .         Gourm    +     (helmet restricted)
rElec  .         Spirit   .     (no cloak)
rCorr  .         Warding  +     (gloves unavailable)
rMut   .         Stasis   .     (boots unavailable)
MR     .....                    Y - amulet of warding
Stlth  ++........               v - +2 ring of strength
                                T - ring of protection from fire

@: about to teleport, not resistant to hostile enchantments, unstealthy
A: unfitting armour, claws 3, fast metabolism 3, gourmand, regeneration 2,
shaggy fur 1, tough skin 2
a: Heroism, Renounce Religion


You were on level 2 of the Lair of Beasts.
You worshipped Okawaru.
Okawaru was most pleased with you.
You were very full.

You visited 3 branches of the dungeon, and saw 13 of its levels.

You collected 642 gold pieces.

Inventory:

Armour
 b - a +0 shield (worn)
 h - a +0 robe (worn)
Jewellery
 k - an uncursed amulet of resist corrosion
 v - a +2 ring of strength (right claw)
 T - a ring of protection from fire (left claw)
 Y - an amulet of warding (around neck)
Wands
 n - a wand of flame (5)
 q - a wand of cold (3)
 s - a wand of lightning (8)
 w - a wand of cold (7)
 y - a wand of digging (4)
 N - a wand of enslavement (6)
 R - a wand of draining (10)
 U - a wand of cold (6)
 W - a wand of fire (5)
Scrolls
 e - 2 scrolls of immolation
 g - 2 scrolls of amnesia
 i - 3 scrolls of identify
 o - 2 scrolls of enchant armour {unknown}
 p - 3 scrolls of magic mapping
 r - 3 scrolls of enchant weapon
 x - a scroll of fear {unknown}
 z - 2 scrolls of recharging {unknown}
 C - a scroll of fog {unknown}
 G - 3 scrolls of remove curse
 K - a scroll of brand weapon {unknown}
 V - 2 scrolls of vulnerability {unknown}
 Z - a scroll of torment {unknown}
Potions
 c - a potion of mutation {unknown}
 f - a potion of curing
 m - 3 potions of flight
 u - 4 potions of degeneration
 A - 2 potions of might
 B - a potion of resistance
 D - 3 potions of brilliance
 H - a potion of ambrosia {unknown}
 I - 2 potions of cancellation
 J - a potion of haste {unknown}
 P - a potion of agility
 Q - a potion of berserk rage {unknown}
 S - 2 potions of lignification
Books
 a - a book of Fire

   Spells                             Type                      Level
   a - Ignite Poison                  Fire/Transmutation/Poison    3
   b - Fireball                       Conjuration/Fire             5
   c - Bolt of Fire                   Conjuration/Fire             6
   d - Delayed Fireball               Conjuration/Fire             7
   e - Ring of Flames                 Charms/Fire                  7
 t - a book of Minor Magic

   Spells                             Type                      Level
   a - Magic Dart                     Conjuration                  1
   b - Blink                          Translocation                2
   c - Call Imp                       Summoning                    2
   d - Repel Missiles                 Charms/Air                   2
   e - Slow                           Hexes                        2
   f - Conjure Flame                  Conjuration/Fire             3
   g - Mephitic Cloud                 Conjuration/Poison/Air       3
 F - a book of Burglary

   Spells                             Type                      Level
   a - Swiftness                      Charms/Air                   2
   b - Passwall                       Transmutation/Earth          3
   c - Passage of Golubria            Translocation                4
   d - Lee's Rapid Deconstruction     Earth                        5
   e - Darkness                       Hexes                        6
   f - Invisibility                   Hexes                        6
Comestibles
 d - 13 bread rations
 j - 8 meat rations
 E - a slice of pizza
 M - 4 fruits
 O - a royal jelly


   Skills:
 + Level 6.5 Fighting
 + Level 8.7 Dodging
 + Level 2.3 Stealth
 + Level 6.7 Shields
 + Level 8.9 Unarmed Combat
 * Level 0.2 Spellcasting
 + Level 1.6 Invocations
 * Level 0.4 Evocations


You had 10 spell levels left.
You didn't know any spells.

Dungeon Overview and Level Annotations

Branches:
Dungeon (10/15)            Temple (1/1) D:7            Lair (2/8) D:9
    Orc (0/4) D:10

Altars:
Elyvilon
Fedhas
Gozag
Kikubaaqudgha
Makhleb
Nemelex Xobeh
Okawaru
Qazlal
Sif Muna
Trog
Vehumet
Xom
Yredelemnul
The Shining One
Beogh


Innate Abilities, Weirdness & Mutations

You are too large for most types of armour.
You have claws for hands.
Your metabolism is lightning-fast.
You like to eat raw meat.
You heal very quickly.
You are covered in fur (AC +1).
You have very tough skin (AC +2).


Message History

* * * LOW HITPOINT WARNING * * *
You are too injured to fight recklessly!
You are too injured to fight recklessly!
You are too injured to fight recklessly!
You are too injured to fight recklessly!
You are too injured to fight recklessly!
You claw the elephant!
You kill the elephant!
Okawaru accepts your kill. The elephant tramples you!
* * * LOW HITPOINT WARNING * * *
You hold your ground!
You block the elephant's attack.
You claw the elephant!
The elephant is lightly wounded.
The elephant tramples you!
* * * LOW HITPOINT WARNING * * *
You hold your ground!
You block the elephant's attack.
As you read the scroll of teleportation, it crumbles to dust.
You feel strangely unstable. The elephant tramples you!!
You die...

........###
..P....#####
#.....#...P##
....##.#....####
...............#
..#............##
................##
...............YY#
...............#@#
..............####
............P..#
..........###.##
...#.....P# ###
....#.#####
.....## .....###
.......#


You could see 2 elephants.

Vanquished Creatures
  Harold (Lair:2)
  The ghost of Gargoyl the Chopper, a novice DsAK of Lugonu (Lair:1)
  2 elephants (Lair:2)
  A black mamba (Lair:1)
  Joseph (D:7)
  A two-headed ogre (D:10)
  A merfolk (D:10)
  Grinder (D:3)
  The ghost of DarthKuruptios the Ducker, an amateur TrBe of Trog (D:4)
  A hippogriff (Lair:1)
  The ghost of chimenez the Firebug, an amateur DsFE of Vehumet (D:3)
  3 water moccasins
  A black bear (D:10)
  An ice beast (D:5)
  A sky beast (D:6)
  2 phantoms
  7 orc warriors
  5 centaurs
  5 ogres
  6 giant frogs
  A crocodile (Lair:1)
  A wyvern zombie (D:8)
  A big kobold (D:9)
  A gnoll sergeant (D:7)
  3 scorpions
  4 killer bees
  A crimson imp (D:7)
  A giant frog zombie (D:6)
  A jelly (D:5)
  2 centaur skeletons
  4 hounds
  2 gnoll shamans (D:3)
  8 orc wizards
  7 orc priests
  Terence (D:2)
  An iguana (D:5)
  7 worker ants
  A killer bee zombie (D:5)
  A worker ant zombie (D:9)
  29 gnolls
  7 adders
  3 shadow imps
  An ooze (D:1)
  5 worms
  9 giant geckos
  50 orcs
  A ball python (D:4)
  4 bats
  3 giant cockroaches
  A goblin (D:3)
  8 hobgoblins
  14 jackals
  3 quokkas
  A giant gecko skeleton (D:4)
  3 giant newts
  2 jackal skeletons
  13 kobolds
  A quokka skeleton (D:7)
  8 rats
257 creatures vanquished.

Vanquished Creatures (others)
  A worker ant (D:5)
  An orc (D:9)
  A quokka (D:9)
3 creatures vanquished.

Grand Total: 260 creatures vanquished

Notes
Turn   | Place    | Note
--------------------------------------------------------------
     0 | D:1      | Moresty the Troll Fighter began the quest for the Orb.
     0 | D:1      | Reached XP level 1. HP: 22/22 MP: 0/0
   496 | D:1      | Reached XP level 2. HP: 29/29 MP: 1/1
  1158 | D:2      | Reached XP level 3. HP: 36/36 MP: 2/2
  1178 | D:2      | Found a glowing golden altar of the Shining One.
  1306 | D:2      | Reached skill level 3 in Dodging
  1366 | D:2      | Reached XP level 4. HP: 42/44 MP: 3/3
  1377 | D:2      | Found an ancient bone altar of Kikubaaqudgha.
  1504 | D:2      | Found a stormy altar of Qazlal.
  1648 | D:2      | Noticed Terence
  1659 | D:2      | Killed Terence
  1659 | D:2      | Reached XP level 5. HP: 23/53 MP: 4/4
  2067 | D:3      | Reached skill level 4 in Dodging
  2094 | D:3      | Noticed chimenez's ghost (amateur DsFE)
  2116 | D:3      | Killed chimenez's ghost
  2116 | D:3      | Reached XP level 6. HP: 44/61 MP: 5/5
  2322 | D:3      | Noticed Grinder
  2334 | D:3      | Paralysed by Grinder for 4 turns
  2360 | D:3      | Paralysed by Grinder for 6 turns
  2367 | D:3      | Killed Grinder
  2367 | D:3      | Reached XP level 7. HP: 15/67 MP: 6/6
  2763 | D:3      | Reached skill level 5 in Dodging
  2813 | D:4      | Noticed DarthKuruptios's ghost (amateur TrBe)
  2849 | D:4      | Killed DarthKuruptios's ghost
  2981 | D:4      | Reached XP level 8. HP: 78/78 MP: 7/7
  3626 | D:4      | Reached skill level 1 in Stealth
  3715 | D:5      | Entered Level 5 of the Dungeon
  3780 | D:5      | Reached skill level 5 in Unarmed Combat
  4934 | D:6      | Reached skill level 5 in Fighting
  5094 | D:6      | Reached skill level 6 in Dodging
  5107 | D:6      | Reached XP level 9. HP: 84/88 MP: 8/8
  5222 | D:6      | Reached skill level 5 in Shields
  5982 | D:7      | Noticed Joseph
  6017 | D:7      | Killed Joseph
  6541 | D:7      | Reached skill level 7 in Unarmed Combat
  6730 | D:7      | Found a staircase to the Ecumenical Temple.
  6748 | Temple   | Entered the Ecumenical Temple
  6768 | Temple   | Became a worshipper of Warmaster Okawaru
  7519 | D:8      | Found a radiant altar of Vehumet.
  7855 | D:9      | Found a roughly hewn altar of Beogh.
  7877 | D:9      | Reached XP level 10. HP: 53/98 MP: 9/9
  8091 | D:9      | Found a staircase to the Lair.
  8221 | D:9      | Reached * piety under Okawaru
  8269 | D:9      | Found a white marble altar of Elyvilon.
  8603 | D:10     | Entered Level 10 of the Dungeon
  8735 | D:10     | Noticed a hill giant
  9050 | D:10     | Found a staircase to the Orcish Mines.
  9358 | D:10     | Reached skill level 8 in Unarmed Combat
  9576 | Lair:1   | Entered Level 1 of the Lair of Beasts
  9744 | Lair:1   | Noticed a black mamba
  9759 | Lair:1   | Killed a black mamba
  9759 | Lair:1   | Reached ** piety under Okawaru
  9932 | Lair:1   | Noticed Gargoyl's ghost (novice DsAK)
 10012 | Lair:1   | Killed Gargoyl's ghost
 10012 | Lair:1   | Reached skill level 1 in Invocations
 10531 | Lair:2   | Noticed Harold
 10542 | Lair:2   | Killed Harold
 10639 | Lair:2   | Reached *** piety under Okawaru
 10680 | Lair:2   | Reached XP level 11. HP: 100/107 MP: 11/11
 10723 | Lair:2   | Noticed an elephant
 10723 | Lair:2   | Noticed an elephant
 10724 | Lair:2   | Noticed an elephant
 10725 | Lair:2   | Noticed an elephant
 10754 | Lair:2   | Killed an elephant
 10762 | Lair:2   | Killed an elephant
 10764 | Lair:2   | Slain by an elephant

Action                   |  1- 3 |  4- 6 |  7- 9 | 10-12 || total
-------------------------+-------+-------+-------+-------++-------
Melee: Unarmed           |    91 |   137 |   459 |   330 ||  1017
Invok: Heroism           |       |       |       |     5 ||     5
  Use: Scroll            |     2 |     4 |     7 |     9 ||    22
       Potion            |       |     1 |     7 |     1 ||     9
 Stab: Sleeping          |       |       |     2 |       ||     2
  Eat: Chunk             |    18 |     9 |    43 |    29 ||    99
       Bread ration      |       |       |     1 |       ||     1
